 Dungeon Crawl Stone Soup version 0.29-a0-330-g52719c12eb (webtiles) character file.

Game seed: 9160896920597905904

679 Crownlay the Digger (level 7, -2/36 HPs)
             Began as a Gargoyle Earth Elementalist on Apr 27, 2022.
             Slain by an orc
             ... wielding a +0 hand axe
              (3 damage)
             ... on level 4 of the Dungeon.
             The game lasted 00:06:06 (4668 turns).

Crownlay the Digger (Gargoyle Earth Elementalist)   Turns: 4668, Time: 00:06:07

Health: -2/36      AC: 10    Str: 12    XL:     7   Next: 60%
Magic:  3/16       EV: 11    Int: 17    God:
Gold:   167        SH:  0    Dex: 10    Spells: 14/18 levels left

rFire   . . .      SeeInvis .   l - +2 dagger (elec)
rCold   + . .      Faith    .   (no shield)
rNeg    + + .      Spirit   .   n - +1 robe of Wonder {rC+}
rPois   ∞          Reflect  .   q - +2 helmet
rElec   +          Harm     .   (no cloak)
rCorr   .          Rampage  .   (no gloves)
Will    .....                   (no boots)
Stlth   ++........              j - amulet of magic regeneration
HPRegen 0.12/turn               h - ring of positive energy
MPRegen 0.55/turn               (no ring)

@: very slightly contaminated
A: sickness immunity, AC +4, negative energy resistance 1, electricity
resistance, torment resistance 1, petrification resistance
a: no special abilities


You were on level 4 of the Dungeon.
You visited 1 branch of the dungeon, and saw 4 of its levels.
You also visited: Ossuary.

You collected 167 gold pieces.

Inventory:

Hand Weapons
 l - a +2 dagger of electrocution (weapon)
Armour
 n - the +1 robe of Wonder (worn) {rC+}
   (You found it on level 2 of the Dungeon)

   rC:        It protects you from cold.
 q - a +2 helmet (worn)
Jewellery
 h - a ring of positive energy (left hand)
 j - an amulet of magic regeneration (around neck)
Scrolls
 b - a scroll of blinking {unknown}
 e - 2 scrolls of teleportation
 g - 3 scrolls of noise
 i - 2 scrolls of fog
 m - a scroll of fear {unknown}
 r - a scroll of amnesia {unknown}
 u - a scroll of vulnerability {unknown}
 v - a scroll of immolation {unknown}
 w - a scroll of magic mapping {unknown}
 y - a scroll of enchant armour
 z - a scroll of silence {unknown}
Potions
 a - a potion of ambrosia {unknown}
 c - a potion of magic
 d - a potion of attraction {unknown}
 f - 2 potions of haste {unknown}
 k - 2 potions of brilliance {unknown}
 p - a potion of lignification {unknown}
 s - a potion of berserk rage {unknown}
 t - 2 potions of resistance {unknown}
 x - a potion of degeneration {unknown}


   Skills:
 - Level 1.5 Dodging
 - Level 2.1 Stealth
 * Level 6.3 Spellcasting
 - Level 0.7 Transmutations
 + Level 6.6 Earth Magic


You had 14 spell levels left.
You knew the following spells:

 Your Spells              Type           Power      Damage    Failure   Level
a - Sandblast             Erth           54%        2d13      1%          1
b - Stone Arrow           Conj/Erth      32%        3d9       10%         3

Your spell library contained the following spells:

 Spells                   Type           Power      Damage    Failure   Level
 Passwall                 Tmut/Erth      14%        N/A       4%          2
 Magic Dart               Conj           20%        1d4       12%         1
 Call Imp                 Summ           5%         N/A       19%         2
 Petrify                  Tmut/Erth      17%        N/A       26%         4
 Mephitic Cloud           Conj/Pois/Air  5%         N/A       36%         3


Dungeon Overview and Level Annotations

Branches:
Dungeon (4/15)            Ossuary (visited)
 Temple: D:4-7

Altars:
Wu Jian

Annotations:
D:3 2 runed translucent doors, kae's ghost, amateur DgFE


Innate Abilities, Weirdness & Mutations

You are immune to sickness and miasma.
Your stone body is resilient. (AC +4)
You are immune to poison.
You resist negative energy. (rN+)
You are resistant to electric shocks. (rElec)
You are resistant to unholy torment.
You are immune to petrification.


Message History

The stone arrow hits Menkaure!
Menkaure is almost destroyed.
The orc hits you with a +0 hand axe. The orc barely misses you.
Casting: Stone Arrow (quite dangerous; 11% risk of failure)
Confirm with . or Enter, or press ? or * to list all spells.
The spell is quite dangerous to miscast (11% risk of failure)!
Continue anyway?
Aiming: Stone Arrow (quite dangerous; 11% risk of failure)
Press: ? - help, Shift-Dir - straight line, f/p - Menkaure
Aim: Menkaure (almost destroyed, 85% to hit)
You miscast Stone Arrow.
You are very lightly contaminated with residual magic.
Nothing appears to happen.
The orc barely misses you. The orc hits you with a +0 flail.
Casting: Stone Arrow (quite dangerous; 11% risk of failure)
Confirm with . or Enter, or press ? or * to list all spells.
The spell is quite dangerous to miscast (11% risk of failure)!
Continue anyway?
Aiming: Stone Arrow (quite dangerous; 11% risk of failure)
Press: ? - help, Shift-Dir - straight line, f/p - Menkaure
Aim: Menkaure (almost destroyed, 85% to hit)
The stone arrow hits Menkaure!
You destroy Menkaure!
The orc closely misses you. The orc hits you with a +0 flail.
* * * LOW HITPOINT WARNING * * *
You barely miss the orc.
The orc is moderately wounded.
The orc barely misses you. The orc hits you but does no damage.
You hit the orc but do no damage.
The orc is lightly wounded.
The orc hits you with a +0 hand axe.
* * * LOW HITPOINT WARNING * * *
The orc hits you but does no damage.
You hit the orc but do no damage.
The orc is lightly wounded.
The orc hits you with a +0 hand axe.
* * * LOW HITPOINT WARNING * * *
The orc hits you but does no damage. The orc attacks as you move away!
The orc hits you but does no damage. The orc attacks as you move away!
The orc closely misses you. The orc attacks as you move away!
The orc hits you with a +0 hand axe.
You die...

#.... #.........
....##..........#
...#........^...#
#..#............#
#............... ####
#..............
###..###..............
###.....##.#............
#........#.##.@.........
#........#.###oo........
##.........# ##..)......
#.........# ##........
##........# ##...####
##.......# ####
##......# ###....#
####.###


You could see 2 orcs.

Vanquished Creatures
  A wraith (Ossuary)
  Menkaure (D:4)
  A jelly (D:4)
  A hound (D:4)
  Jessica (D:2)
  3 iguanas (D:4)
  An orc wizard (D:4)
  A mummy (Ossuary)
  Robin (D:2)
  7 adders
  4 gnolls (D:3)
  A white imp (D:3)
  A dart slug (D:4)
  2 orcs
  4 bats
  6 endoplasms
  2 giant cockroaches (D:1)
  9 hobgoblins
  4 jackals (D:2)
  4 quokkas
  7 ball pythons
  2 frilled lizards
  7 gnoll skeletons (Ossuary)
  8 goblins
  7 kobolds
  8 kobold skeletons (Ossuary)
  10 orc skeletons (Ossuary)
  3 rats
107 creatures vanquished.

Notes
Turn   | Place    | Note
-------+----------+-------------------------------------------
     0 | D:1      | Crownlay the Gargoyle Earth Elementalist began the quest
                  | for the Orb.
     0 | D:1      | Reached XP level 1. HP: 10/10 MP: 3/3
   555 | D:1      | Reached XP level 2. HP: 5/15 MP: 1/5
  1189 | D:2      | Reached XP level 3. HP: 9/19 MP: 5/7
  1346 | D:2      | Found an ornate altar of the Wu Jian Council.
  1557 | D:2      | Identified the +1 robe of Wonder {rC+}
  1886 | D:2      | Noticed Jessica
  1898 | D:2      | Killed Jessica
  1899 | D:2      | Reached XP level 4. HP: 19/24 MP: 2/9
  2175 | D:2      | Noticed Robin
  2189 | D:2      | Killed Robin
  2478 | D:3      | Reached XP level 5. HP: 28/28 MP: 9/11
  2572 | D:3      | Learned a level 3 spell: Stone Arrow
  2629 | D:3      | Reached skill level 5 in Earth Magic
  3105 | D:3      | Found a runed translucent door.
  3107 | D:3      | Noticed kae's ghost (amateur DgFE)
  3261 | D:3      | Found a faded altar of an unknown god.
  3322 | D:3      | Found a runed translucent door.
  3645 | D:4      | Reached XP level 6. HP: 16/32 MP: 7/13
  3848 | D:4      | Reached skill level 5 in Spellcasting
  3976 | D:4      | Found a sand-covered staircase.
  3986 | Ossuary  | Entered an ossuary
  3986 | Ossuary  | Noticed a wraith
  3986 | Ossuary  | Noticed a wraith
  3986 | Ossuary  | Noticed a wraith
  4049 | Ossuary  | Noticed a wraith
  4062 | Ossuary  | Killed a wraith
  4063 | Ossuary  | Reached XP level 7. HP: 4/36 MP: 1/15
  4652 | D:4      | Noticed Menkaure
  4662 | D:4      | Killed Menkaure
  4665 | D:4      | HP: 1/36 [orc/+0 hand axe (4)]
  4668 | D:4      | Slain by an orc

Illustrated notes

Levels and vault maps discovered:
D:1:      roderic_octagonal_star, layout_rooms, amethyst_killhole, hex_tiny
D:2:      layout_basic, basic_altar, minmay_between, uniq_jessica, uniq_robin
D:3:      layout_basic, ebering_ghost_sewer_f,
          hellmonk_ecumenical_altar_heavens_door, small_statue_intersection
D:4:      layout_cave_pods, minmay_temple_entry_poolview, serial_shops,
          kennysheep_mini_moat, lightli_ossuary_entry_decrepit_ruins,
          uniq_menkaure, uniq_natasha

Skill      XL: |  1  2  3  4  5  6  7 |
---------------+----------------------+-----
Earth Magic    | 4 5 6 |  6.6
Spellcasting   | 3 4 5 6 |  6.3
Dodging        | |  1.5
Stealth        | |  2.1
Transmutations | |  0.7

Action                   |  1- 3 |  4- 6 |  7- 9 || total
-------------------------+-------+-------+-------++-------
Melee: Hand axe          |    37 |       |       ||    37
       Dagger            |    42 |    73 |    64 ||   179
       Punch             |     2 |       |       ||     2
 Cast: Sandblast         |    23 |    49 |       ||    72
       Stone Arrow       |       |     6 |     5 ||    11
  Use: Scroll            |       |       |     5 ||     5
 Stab: Sleeping          |     4 |     3 |       ||     7
Armor: Robe              |    35 |    31 |    38 ||   104
Dodge: Dodged            |    73 |    53 |    36 ||   162

Table legend: (Time is in decaauts)
 A = Elapsed time spent in this place.
 B = Non-inter-level travel time spent in this place.
 C = Inter-level travel time spent in this place.
 D = Time resting spent in this place.
 E = Time spent auto-exploring this place.
 F = Levels seen in this place.
 G = Mean time per level.
                   A        B        C        D        E       F      G
               +--------+--------+--------+--------+--------+-----+--------+
         Total |   4685 |   4534 |    151 |      0 |   3691 |   5 |  937.0 |
       Dungeon |   4163 |   4012 |    151 |      0 |   3313 |   4 | 1040.8 |
       Ossuary |    521 |    521 |      0 |      0 |    378 |   1 |  521.0 |
               +--------+--------+--------+--------+--------+-----+--------+

Top non-repeatable levels by time:
     D:2: 1262 daAuts
     D:3: 1192 daAuts
     D:1: 1187 daAuts
 Ossuary: 521 daAuts
     D:4: 520 daAuts
